AoeStats
← pepe_prado99

Black Forest

510628405Analyzed
4v4 RM · 2d ago on Oct 1, 2026· 82m 48s· 8 players
Game mode
Random Map
Map size
Large (8 player)
Population
200
Speed
Normal
Resources
Standard
Victory
Conquest
Starting age
Dark Age
Ending age
Imperial Age
RankedLock teamsTeams togetherTeam positionsShared explorationLock speedFull tech treeHidden civsTurbo modeCheats
Victory
Defeat
🇲🇽 Aztecs · Mexico
645
+12
🇲🇽 Britons · Mexico
616
+14
🇺🇸 Japanese · United States
600
+14
592
+15
🇳🇱 Chinese · Netherlands
616
-16
🇮🇹 Japanese · Italy
590
-15
🇮🇳 Byzantines · India
523
-12
🇮🇳 Persians · India
521
-12
inquicidor123
1:12 Loom
13:08 Feudal Age
20:41 Man-at-Arms
23:00 Scale Mail Armor
23:44 Double-Bit Axe
30:19 Castle Age
pepe_prado99
0:53 Loom
14:28 Feudal Age
16:39 Horse Collar
16:47 Double-Bit Axe
17:56 Wheelbarrow
18:11 Gold Mining
20:18 Stone Mining
25:00 Castle Age
26:08 Heavy Plow
28:03 Squires
27:49 Arson
28:54 Town Watch
30:04 Forging
29:54 Scale Mail Armor
29:22 Man-at-Arms
29:48 Gambesons
30:11 Fletching
30:21 Padded Archer Armor
30:55 Hand Cart
31:31 Gold Shaft Mining
31:31 Stone Shaft Mining
31:10 Bow Saw
30:31 Long Swordsman
31:30 Town Patrol
38:49 Imperial Age
36:36 Treadmill Crane
39:18 Iron Casting
38:58 Chain Mail Armor
39:13 Two-Handed Swordsman
40:59 Blast Furnace
40:10 Caravan
40:55 Crop Rotation
41:02 Garland Wars
41:03 Conscription
40:20 Champion
42:20 Pikeman
43:08 Heated Shot
43:06 Elite Jaguar Warrior
44:51 Plate Mail Armor
44:43 Fortified Wall
47:41 Chemistry
47:27 Bodkin Arrow
47:47 Leather Archer Armor
51:03 Siege Engineers
55:23 Leather Archer Armor
[MIAAU] Gatúbelo Palestinian
2:35 Loom
14:59 Feudal Age
16:20 Wheelbarrow
15:47 Double-Bit Axe
16:53 Town Watch
18:05 Fishing Lines
25:32 Castle Age
26:15 Gillnets
28:05 Hand Cart
29:08 Hand Cart
29:42 Bow Saw
33:27 Fortified Wall
35:57 Imperial Age
33:47 Hand Cart
33:34 Town Patrol
34:37 Stone Mining
34:38 Gold Mining
35:31 Ballistics
36:47 Siege Engineers
36:04 Onager
36:58 Furor Celtica
37:10 Conscription
36:48 Stronghold
36:56 Stronghold
36:59 Fletching
37:11 Scale Mail Armor
37:34 Murder Holes
37:02 Heavy Scorpion
39:11 Gold Shaft Mining
39:12 Stone Shaft Mining
39:01 Siege Onager
41:50 Chemistry
41:10 Elite Woad Raider
45:12 Forging
44:58 Bodkin Arrow
45:16 Masonry
45:24 Chain Mail Armor
47:43 Hoardings
47:13 Caravan
48:09 Iron Casting
48:05 Plate Mail Armor
50:02 Guilds
50:59 Sanctity
50:39 Devotion
50:51 Fervor
51:25 Fervor
51:16 Devotion
59:04 Blast Furnace
59:36 Faith
59:34 Pikeman
62:10 Halberdier
71:04 Padded Archer Armor
71:10 Scale Barding Armor
71:27 Heresy
71:03 Herbal Medicine
dokoenig3
4:59 Loom
12:37 Feudal Age
14:29 Double-Bit Axe
18:55 Castle Age
18:02 Fishing Lines
19:28 Gillnets
21:31 Bow Saw
22:58 Wheelbarrow
22:08 Town Watch
24:01 Gold Mining
24:02 Stone Mining
28:06 Imperial Age
26:18 Horse Collar
28:23 Onager
30:09 Treadmill Crane
30:39 Fortified Wall
30:25 Murder Holes
31:24 Hand Cart
32:46 Gold Shaft Mining
32:33 Pikeman
33:14 Squires
32:59 Gambesons
33:00 Arson
32:42 Elite Skirmisher
33:28 Thumb Ring
35:40 Chemistry
35:04 Husbandry
35:15 Bloodlines
36:17 Ballistics
37:13 Caravan
37:43 Coinage
38:54 Elite Samurai
39:55 Conscription
39:57 Kataparuto
40:13 Hoardings
41:32 Two-Man Saw
40:36 Heavy Plow
40:48 Heavy Scorpion
41:51 Forging
41:41 Scale Mail Armor
41:32 Fletching
41:42 Padded Archer Armor
42:10 Padded Archer Armor
42:19 Scale Barding Armor
43:22 Banking
43:20 Halberdier
46:06 Light Cavalry
46:56 Bloodlines
46:47 Husbandry
48:54 Iron Casting
48:34 Chain Mail Armor
48:19 Bodkin Arrow
48:39 Leather Archer Armor
51:52 Blast Furnace
51:22 Plate Mail Armor
50:54 Bracer
51:24 Ring Archer Armor
68:23 Chain Barding Armor
71:42 Town Patrol
Alfieri83
0:41 Loom
14:14 Feudal Age
24:36 Wheelbarrow
28:08 Castle Age
26:36 Fishing Lines
29:25 Hand Cart
29:21 Horse Collar
29:29 Double-Bit Axe
35:05 Imperial Age
38:02 Caravan
38:58 Gold Mining
41:30 Gold Shaft Mining
40:46 Stone Mining
41:51 Bow Saw
45:32 Gillnets
46:49 Two-Man Saw
48:27 Stone Shaft Mining
47:55 Heavy Plow
49:28 Scale Barding Armor
50:51 Chain Barding Armor
50:36 Husbandry
50:48 Bloodlines
49:59 Cavalier
52:11 Squires
54:50 Plate Barding Armor
59:45 Forging
65:16 Murder Holes
65:32 Fortified Wall
65:43 Ballistics
65:34 Masonry
66:25 Chemistry
66:10 Conscription
66:24 Conscription
65:35 Sappers
65:27 Elite Chu Ko Nu
66:10 Great Wall
71:29 Architecture
71:20 Bombard Tower
71:43 Town Watch
Devislesick
1:04 Loom
16:35 Feudal Age
18:03 Double-Bit Axe
18:01 Horse Collar
26:45 Castle Age
28:49 Bow Saw
30:00 Heavy Plow
34:37 Wheelbarrow
34:19 Gold Mining
37:09 Caravan
37:41 Pikeman
38:35 Forging
38:26 Scale Mail Armor
41:00 Imperial Age
38:48 Hand Cart
40:17 Iron Casting
40:46 Stone Mining
41:50 Chain Mail Armor
42:54 Blast Furnace
42:59 Two-Man Saw
41:59 Halberdier
42:02 Capped Ram
42:10 Onager
43:23 Plate Mail Armor
45:00 Chemistry
45:15 Capped Ram
50:06 Elite Samurai
hangover
0:36 Loom
10:17 Feudal Age
10:47 Horse Collar
11:01 Double-Bit Axe
15:25 Gold Mining
15:28 Stone Mining
22:49 Castle Age
21:50 Man-at-Arms
22:16 Arson
26:25 Bow Saw
26:19 Heavy Plow
29:59 Imperial Age
33:49 Chemistry
33:00 Fortified Wall
32:46 Murder Holes
36:16 Two-Man Saw
38:14 Caravan
38:45 Coinage
38:25 Guilds
44:40 Crop Rotation
44:15 Elite Cataphract
44:41 Pikeman
45:58 Arrowslits
46:36 Ballistics
50:08 Light Cavalry
50:52 Husbandry
50:14 Cavalier
54:28 Banking
53:27 Paladin
75:00 Hussar
infinityishan
1:17 Loom
12:28 Feudal Age
13:21 Horse Collar
18:13 Wheelbarrow
21:18 Double-Bit Axe
29:46 Castle Age
27:47 Gold Mining
32:24 Hand Cart
32:12 Heavy Plow
32:28 Bow Saw
33:39 Scale Barding Armor
33:36 Scale Mail Armor
33:47 Forging
36:53 Gold Shaft Mining
36:09 Stone Mining
38:11 Guard Tower
38:12 Heated Shot
38:18 Murder Holes
41:55 Ballistics
41:46 Masonry
44:00 Stone Shaft Mining
59:23 Kamandaran
73:06 Imperial Age
76:05 Architecture
76:36 Chemistry
Connection lost

Rejoining the realm…

Still unreachable

The connection could not be restored.

Session expired

The server has moved on; the page needs a fresh start.